 Dungeon Crawl Stone Soup version 0.30-a0-279-g4b46babb21 (webtiles) character file.

Game seed: 9892370640560253364

7052 koil the Covert (level 10, -2/51 HPs)
             Began as a Spriggan Enchanter on Oct 17, 2022.
             Was an Elder of Dithmenos.
             Slain by a killer bee (8 damage)
             ... on level 9 of the Dungeon.
             The game lasted 00:41:16 (8626 turns).

koil the Covert (Spriggan Enchanter)                Turns: 8626, Time: 00:41:17

Health: -2/51      AC: 10    Str: 10    XL:     10   Next: 83%
Magic:  20/28      EV: 27    Int: 24    God:    Dithmenos [****..]
Gold:   1398       SH:  0    Dex: 25    Spells: 15/26 levels left

rFire   . . .      SeeInvis +    B - +4 dagger (drain)
rCold   . . .      Faith    +    (no shield)
rNeg    . . .      Spirit   .    b - +1 animal skin "Duor" {Int+7 Dex+5 Stlth-}
rPois   .          Reflect  .    (helmet restricted)
rElec   .          Harm     .    k - +2 cloak
rCorr   .          Rampage  .    (gloves unavailable)
Will    +....                    (boots unavailable)
Stlth   +++++++...               D
                                   - Hermit's Pendant {Faith Invo=14 Evo=0 MP+5}
HPRegen 0.28/turn                t - +4 ring of protection
MPRegen 0.21/turn                x - +6 ring of strength

@: marked, wreathed by umbra, very quick
A: very small, no large weapons, unfitting armour, see invisible, speed 3
a: Renounce Religion, Shadow Step


You were on level 9 of the Dungeon.
You worshipped Dithmenos.
Dithmenos was greatly pleased with you.
You visited 2 branches of the dungeon, and saw 10 of its levels.

You collected 1398 gold pieces.

Inventory:

Hand Weapons
 a - a +1 dagger of venom
 l - a +1 mace of distortion
 q - a +1 whip of electrocution
 y - a +0 flail of draining
 B - a +4 dagger of draining (weapon)
 G - a +1 vampiric dagger
 I - a +1 vorpal trident
 J - a +2 antimagic halberd
 K - a +1 halberd of venom
 M - a +1 vorpal mace
 N - the +7 flail "Ezig" {drain, *Rage Str+4 Int+2}
   (You found it on level 9 of the Dungeon)

   A truly terrible weapon, it drains the life of any living foe it strikes.
   Str:       It affects your strength (+4).
   Int:       It affects your intelligence (+2).
   *Rage:     It berserks you when you make melee attacks (+20% chance).
Missiles
 g - 25 poisoned darts (quivered)
 j - a curare-tipped dart
 m - 3 throwing nets
Armour
 b - the +1 animal skin "Duor" (worn) {Int+7 Dex+5 Stlth-}
   (You acquired it in the Ecumenical Temple)

   Int:       It affects your intelligence (+7).
   Dex:       It affects your dexterity (+5).
   Stlth:     It makes you less stealthy.
 k - a +2 cloak (worn)
 r - a scarf of resistance
 v - a +2 robe of willpower
Jewellery
 d - the ring of Jyuxuem {Fire Will- rCorr SInv}
   (You acquired it in the Ecumenical Temple)

   [ring of fire]

   It enhances your fire magic.
   rF:        It protects you from fire.
   rC:        It makes you vulnerable to cold.
   SInv:      It lets you see invisible.
   rCorr:     It protects you from acid and corrosion.
   Will:      It decreases your willpower.
 t - a +4 ring of protection (left hand)
 w - a ring of protection from cold
 x - a +6 ring of strength (right hand)
 C - an amulet of guardian spirit
 D - the Hermit's Pendant (around neck) {Faith Invo=14 Evo=0 MP+5}
   (You found it on level 6 of the Dungeon)

   [amulet of faith]

   It sets your invocations skill to 14 and your evocations skill to 0.
   It allows you to gain divine favour quickly.
   MP:        It affects your magic capacity (+5).
 L - an amulet of regeneration
Wands
 p - a wand of roots (8)
 A - a wand of digging (6)
 E - a wand of flame (35)
 F - a wand of polymorph (12)
Scrolls
 e - 4 scrolls of magic mapping
 f - 5 scrolls of teleportation
 i - 2 scrolls of brand weapon
 z - a scroll of amnesia
Potions
 c - 2 potions of invisibility
 h - a potion of might
 n - a potion of cancellation
 o - 9 potions of curing
 s - 2 potions of heal wounds
 u - 2 potions of magic
 H - a potion of ambrosia


   Skills:
 + Level 5.5 Fighting
 + Level 7.4 Short Blades
 + Level 9.3 Dodging
 + Level 11.5 Stealth
 + Level 8.6 Spellcasting
 + Level 8.9 Hexes
 + Level 1.2 Fire Magic


You had 15 spell levels left.
You knew the following spells:

 Your Spells              Type           Power      Damage    Failure   Level
a - Ensorcelled Hibernat  Hex/Ice        62%        N/A       1%          2
b - Confusing Touch       Hex            52%        N/A       1%          3
c - Cause Fear            Hex            26%        N/A       1%          4
d - Scorch                Fire           32%        2d7       5%          2

Your spell library contained the following spells:

 Spells                   Type           Power      Damage    Failure   Level
 Tukima's Dance           Hex            52%        N/A       1%          3
 Inner Flame              Hex/Fire       34%        N/A       2%          3
 Dazzling Flash           Conj/Hex       62%        N/A       3%          3
 Sublimation of Blood     Necr           10%        N/A       10%         2
 Summon Mana Viper        Hex/Summ       31%        N/A       26%         5
 Flame Wave               Conj/Fire      13%        2d6       43%         4
 Petrify                  Tmut/Erth      10%        N/A       52%         4
 Irradiate                Conj/Tmut      5%         3d13      86%         5
 Summon Forest            Summ/Tloc      5%         N/A       86%         5
 Conjure Ball Lightning   Conj/Air       5%         3x3d6     100%        6
 Summon Cactus Giant      Summ           5%         N/A       100%        6
 Discord                  Hex            26%        N/A       100%        8
 Disjunction              Tloc           5%         N/A       100%        8


Dungeon Overview and Level Annotations

Branches:
Dungeon (9/15)             Temple (1/1) D:4
   Lair: D:8-11         Orc: D:9-12

Altars:
Ashenzari
Cheibriados
Dithmenos
Elyvilon
Fedhas
Gozag
Hepliaklqana
Kikubaaqudgha
Makhleb
Nemelex Xobeh
Okawaru
Qazlal
Ru
Sif Muna
Trog
Uskayaw
Vehumet
Wu Jian
Xom
Zin
The Shining One

Shops:
D:7 ?


Innate Abilities, Weirdness & Mutations

You are very small and have problems with some larger weapons.
You are too small for most types of armour.
You have supernaturally acute eyesight. (SInv)
You cover ground extremely quickly. (Speed+++)


Message History

The killer bee misses you. The killer bee stings you.
* * * LOW HITPOINT WARNING * * *
The killer bee completely misses you.
The killer bee attacks as you move away!
The killer bee completely misses you. The killer bee completely misses you.
The killer bee attacks as you move away!
The killer bee closely misses you. The killer bee completely misses you.
The killer bee misses you. The killer bee completely misses you.
The killer bee attacks as you move away!
The killer bee misses you.
The killer bee attacks as you move away!
The killer bee completely misses you. The killer bee completely misses you.
The killer bee closely misses you. The killer bee completely misses you.
The killer bee attacks as you move away!
The killer bee closely misses you.
The killer bee attacks as you move away!
The killer bee completely misses you.
The killer bee attacks as you move away!
The killer bee completely misses you. The killer bee misses you.
The killer bee attacks as you move away!
The killer bee stings you.
* * * LOW HITPOINT WARNING * * *
The killer bee sets off the alarm!
The alarm trap emits a blaring wail!
A sentinel's mark forms upon you.
You hear an angry buzzing noise. x2
The killer bee attacks as you move away!
The killer bee misses you.
The killer bee attacks as you move away!
The killer bee misses you.
The killer bee attacks as you move away!
The killer bee misses you.
The killer bee attacks as you move away!
The killer bee misses you.
The killer bee attacks as you move away!
The killer bee stings you!
You die...

y.# #...†......................
..##
##.......(....###...........
...###............##
##..........
#.................# #.........#
##................##
##........##
##................###........##
##.........................##
##............yy........[##
##..........@y.........##
##..........y........##
#####################


You could see 4 killer bees.

Vanquished Creatures
  A two-headed ogre (D:8)
  Pikel (D:5)
  A gargoyle (D:9)
  A wyvern (D:8)
  A shadow (D:9)
  7 yaks (D:8)
  2 steam dragons
  Menkaure (D:4)
  Edmund (D:6)
  Duvessa (D:6)
  A water moccasin (D:7)
  A black bear (D:5)
  3 orc warriors
  3 ice beasts
  A centaur (D:8)
  An ogre (D:5)
  2 phantoms
  3 kobold brigands
  4 bullfrogs
  3 gnoll sergeants
  3 scorpions (D:5)
  3 wights (D:9)
  Dowan (D:6)
  14 killer bees
  An electric eel (D:8)
  3 howler monkeys
  A hound (D:4)
  A gnoll bouda (D:8)
  A jelly (D:6)
  3 orc priests
  Crazy Yiuf (D:4)
  Jessica (D:3)
  2 iguanas
  12 orc wizards
  26 gnolls
  6 adders
  2 white imps (D:7)
  A dart slug (D:4)
  30 orcs
  5 bats
  3 endoplasms
  3 giant cockroaches
  6 goblins
  4 hobgoblins
  6 jackals
  5 quokkas
  5 ball pythons
  3 frilled lizards
  15 kobolds
  3 rats
209 creatures vanquished.

Vanquished Creatures (others)
  A gnoll (D:6)
  A butterfly (D:7)
  15 plants
17 creatures vanquished.

Grand Total: 226 creatures vanquished

Notes
Turn   | Place    | Note
-------+----------+-------------------------------------------
     0 | D:1      | koil the Spriggan Enchanter began the quest for the Orb.
     0 | D:1      | Reached XP level 1. HP: 9/9 MP: 5/5
   224 | D:1      | Reached XP level 2. HP: 12/13 MP: 6/6
   227 | D:1      | Learned a level 2 spell: Ensorcelled Hibernation
   754 | D:2      | Reached XP level 3. HP: 17/17 MP: 8/8
  1099 | D:2      | Reached skill level 5 in Stealth
  1332 | D:3      | Reached skill level 1 in Fighting
  1332 | D:3      | Reached XP level 4. HP: 12/22 MP: 10/10
  1594 | D:3      | Found an opulent altar of Gozag.
  1767 | D:3      | Noticed Jessica
  1773 | D:3      | Killed Jessica
  2120 | D:4      | Reached XP level 5. HP: 12/25 MP: 3/11
  2190 | D:4      | Noticed Menkaure
  2197 | D:4      | Learned a level 3 spell: Confusing Touch
  2211 | D:4      | Found a staircase to the Ecumenical Temple.
  2217 | D:4      | Killed Menkaure
  2218 | D:4      | Reached XP level 6. HP: 6/30 MP: 9/13
  2658 | D:4      | Reached skill level 6 in Stealth
  2714 | D:4      | Found a runed translucent door.
  2715 | D:4      | Noticed Crazy Yiuf
  2721 | D:4      | Killed Crazy Yiuf
  3050 | Temple   | Entered the Ecumenical Temple
  3159 | Temple   | Became a worshipper of Dithmenos the Shadowed
  3185 | Temple   | Identified 2 scrolls of acquirement
  3185 | Temple   | Acquired the +1 animal skin "Duor" {Int+7 Dex+5 Stlth-}
  3286 | Temple   | Acquired the ring of Jyuxuem {Fire Will- rCorr SInv}
  3324 | D:5      | Entered Level 5 of the Dungeon
  3416 | D:5      | Reached skill level 5 in Hexes
  3590 | D:5      | Found an iron altar of Okawaru.
  3619 | D:5      | Reached XP level 7. HP: 35/35 MP: 7/14
  3698 | D:5      | Reached skill level 5 in Dodging
  3717 | D:5      | Reached skill level 7 in Stealth
  4017 | D:5      | Noticed Pikel
  4048 | D:5      | Killed Pikel
  4049 | D:5      | Reached skill level 5 in Spellcasting
  4049 | D:5      | Reached XP level 8. HP: 38/40 MP: 8/17
  4256 | D:5      | Found a glowing golden altar of the Shining One.
  4394 | D:5      | Found a broken altar of Ashenzari.
  4415 | D:5      | Found an ancient bone altar of Kikubaaqudgha.
  4552 | D:5      | Learned a level 4 spell: Cause Fear
  4576 | D:6      | Found the Hermit's Pendant {Faith Invo=14 Evo=0 MP+5}
  4640 | D:6      | Noticed Edmund
  4664 | D:6      | Killed Edmund
  4665 | D:6      | Reached skill level 8 in Stealth
  4790 | D:6      | Noticed Dowan
  4798 | D:6      | Reached skill level 5 in Short Blades
  4805 | D:6      | Noticed Duvessa
  4852 | D:6      | Killed Duvessa
  4852 | D:6      | Reached * piety under Dithmenos
  4873 | D:6      | Killed Dowan
  5058 | D:6      | Reached XP level 9. HP: 35/45 MP: 16/20
  5445 | D:6      | Reached skill level 9 in Stealth
  5626 | D:6      | Found a bloodstained altar of Trog.
  5722 | D:7      | Reached ** piety under Dithmenos
  5738 | D:7      | Found Lumuoqy's Magic Scroll Shoppe.
  5780 | D:7      | Found a white marble altar of Elyvilon.
  6978 | D:8      | Reached *** piety under Dithmenos
  7059 | D:8      | Acquired 983 gold pieces
  7166 | D:8      | Reached skill level 10 in Stealth
  7209 | D:8      | Noticed a two-headed ogre
  7255 | D:7      | Reached XP level 10. HP: 20/51 MP: 21/22
  7503 | D:8      | Killed a two-headed ogre
  7586 | D:8      | Reached skill level 5 in Fighting
  7879 | D:8      | Reached skill level 11 in Stealth
  7945 | D:8      | Reached **** piety under Dithmenos
  7960 | D:8      | Learned a level 2 spell: Scorch
  8370 | D:9      | Noticed a gargoyle
  8380 | D:9      | Killed a gargoyle
  8381 | D:9      | Reached skill level 1 in Fire Magic
  8502 | D:9      | Identified the +7 flail "Ezig" {drain, *Rage Str+4 Int+2}
  8626 | D:9      | Slain by a killer bee

Illustrated notes

Levels and vault maps discovered:
D:1:      dreamdust_arrival_sigmund_warning, layout_loops_ring
D:2:      layout_rooms
D:3:      layout_basic, nicolae_gozag_seed_capital, minivault_25, uniq_jessica
D:4:      layout_basic, minmay_temple_entry_stoned_glass, uniq_menkaure,
          uniq_crazy_yiuf_cottage
D:5:      layout_basic, mainiacjoe_overflow_alcove_1,
          mainiacjoe_overflow_six_doors_small, kennysheep_little_box,
          tso_oasis_becter, uniq_pikel
D:6:      layout_cave_pools, general_overflow_altar, uniq_edmund, uniq_duvessa
D:7:      layout_loops_ring, nicolae_elyvilon_peaceful_grove, serial_shops,
          nicolae_shop_crystal
D:8:      layout_basic, columned_hall_lemuel, serial_bayou_lagoon_a,
          st_stairs_14, minmay_circle_x
D:9:      layout_big_octagon, nicolae_looking_at_the_future
Temple:   nicolae_temple_great_sept

Skill      XL: |  1  2  3  4  5  6  7  8  9 10 |
---------------+-------------------------------+-----
Dodging        | 3 4 5 6 8 9 |  9.3
Spellcasting   | 3 4 5 6 7 8 |  8.6
Hexes          | 4 5 6 7 8 |  8.9
Stealth        | 5 6 7 8 10 11 | 11.5
Fighting       | 1 2 3 4 5 |  5.5
Short Blades   | 2 3 4 5 6 7 |  7.4
Fire Magic     | 1 |  1.2

Action                   |  1- 3 |  4- 6 |  7- 9 | 10-12 || total
-------------------------+-------+-------+-------+-------++-------
Melee: Dagger            |   142 |   117 |   337 |   226 ||   822
       Punch             |     1 |     2 |    10 |     3 ||    16
 Cast: Ensorcelled Hiber |     1 |    20 |    59 |    14 ||    94
       Confusing Touch   |       |     3 |     4 |     6 ||    13
  Use: Scroll            |       |    11 |     8 |       ||    19
       Potion            |       |     5 |     2 |       ||     7
 Stab: Sleeping          |    13 |    10 |    31 |    15 ||    69
       Confused          |       |     3 |     6 |     5 ||    14
       Distracted        |       |     1 |     2 |       ||     3
Armor: Robe              |    19 |    12 |       |       ||    31
       Animal skin       |       |     3 |    46 |    18 ||    67
Dodge: Dodged            |   127 |    96 |   366 |   325 ||   914

Table legend: (Time is in decaauts)
 A = Elapsed time spent in this place.
 B = Non-inter-level travel time spent in this place.
 C = Inter-level travel time spent in this place.
 D = Time resting spent in this place.
 E = Time spent auto-exploring this place.
 F = Levels seen in this place.
 G = Mean time per level.
                   A        B        C        D        E       F      G
               +--------+--------+--------+--------+--------+-----+--------+
         Total |   6197 |   5881 |    316 |    359 |   3786 |  10 |  619.7 |
       Dungeon |   6016 |   5702 |    314 |    307 |   3750 |   9 |  668.4 |
        Temple |    180 |    179 |      1 |     52 |     36 |   1 |  180.0 |
               +--------+--------+--------+--------+--------+-----+--------+

Top non-repeatable levels by time:
     D:5: 1177 daAuts
     D:8: 932 daAuts
     D:4: 728 daAuts
     D:6: 712 daAuts
     D:7: 652 daAuts
     D:3: 630 daAuts
     D:1: 461 daAuts
     D:9: 376 daAuts
     D:2: 343 daAuts
  Temple: 180 daAuts
